Map: [ESL] Hard Lead

Players

llllllllllll (sOs) - Winner!

  • Race: Protoss Protoss
  • Spawn Location: 5:00

ShoWTimE

  • Race: Protoss Protoss
  • Spawn Location: 11:00

Event: IEM Katowice 2024

VOD

Have the link to the VOD?

Description

Time

  • Played on: Dec. 5, 2023, 6:06 a.m.
  • Length: 9:16

All games in this series

Show
View Real Time Build Order
Export as new Build Order

llllllllllll Protoss - Winner!

Build Orders: Oracle Opening, Phoenix Opening, Archon Immortal 

Get SALT Encoding   

  12  0:00  Probe  
  13  0:12  Probe  
  14  0:16  Pylon  
  14  0:24  Probe (Chrono Boost)  
  16  0:36  Probe (Chrono Boost)  
  16  0:37  Gateway  
  16  0:43  Probe (Chrono Boost)  
  16  0:45  Assimilator  
  17  0:51  Probe  
  18  1:03  Probe (Chrono Boost)  
  19  1:06  Assimilator  
  19  1:07  Gateway  
  19  1:12  Probe (Chrono Boost)  
  19  1:17  Probe (Chrono Boost)  
  20  1:24  Cybernetics Core  
  21  1:29  Probe  
  22  1:33  Pylon  
  22  1:41  Probe  
  23  1:53  Probe  
  24  2:00  Stalker  
  24  2:01  Warp Gate  
  27  2:09  Sentry  
  27  2:14  Pylon  
  28  2:28  Pylon  
  28  2:30  Stalker  
  30  2:41  Stargate, Phoenix  
  30  2:51  Nexus  
  30  2:57  Shield Battery  
  30  3:00  Probe  
  31  3:12  Probe  
  34  3:22  Oracle (Chrono Boost)  
  34  3:24  Probe (Chrono Boost)  
  36  3:36  Probe (Chrono Boost)  
  37  3:43  Probe (Chrono Boost)  
  37  3:47  Robotics Facility  
  38  3:53  Probe (Chrono Boost)  
  39  3:57  Pylon  
  39  4:03  Sentry  
  39  4:04  Probe (Chrono Boost)  
  43  4:11  Probe (Chrono Boost)  
  43  4:13  Probe (Chrono Boost)  
  44  4:18  Probe (Chrono Boost)  
  44  4:19  Nexus  
  44  4:20  Oracle  
  44  4:22  Pylon  
  44  4:23  Sentry, Probe  
  48  4:36  Probe  
  48  4:37  Probe  
  47  4:40  Observer (Chrono Boost)  
  47  4:44  Shield Battery  
  48  4:48  Assimilator, Probe  
  48  4:49  Probe  
  50  4:53  Immortal (Chrono Boost)  
  54  5:01  Probe x2  
  54  5:06  Stalker x2  
  60  5:13  Probe x2  
  62  5:20  Immortal (Chrono Boost)  
  62  5:26  Probe x2  
  62  5:28  Pylon  
  68  5:29  Pylon  
  68  5:30  Oracle (Chrono Boost)  
  68  5:31  Probe  
  72  5:40  Probe  
  72  5:41  Probe  
  74  5:44  Probe  
  74  5:48  Shield Battery  
  75  5:50  Stalker x2  
  75  5:54  Probe  
  78  5:58  Immortal (Chrono Boost)  
  78  5:59  Probe  
  81  6:11  Probe x2  
  81  6:12  Forge, Probe  
  81  6:14  Twilight Council  
  84  6:19  Pylon  
  84  6:23  Probe  
  84  6:24  Probe x2  
  87  6:28  Gateway  
  87  6:30  Gateway  
  87  6:35  Immortal (Chrono Boost)  
  91  6:43  Charge  
  91  6:44  Probe x2  
  93  6:47  Protoss Ground Weapons Level 1 (Chrono Boost)  
  93  6:51  Probe  
  94  7:00  Gateway x2  
  94  7:03  Gateway x2  
  94  7:06  Gateway  
  94  7:11  Nexus  
  94  7:12  Phoenix  
  94  7:13  Pylon  
  94  7:17  Observer  
  94  7:19  Templar Archives, Probe  
  95  7:23  Warp Prism (Chrono Boost)  
  97  7:30  Zealot  
  97  7:35  Zealot x3  
  104  7:45  Pylon  
  104  7:47  Pylon  
  104  7:50  Photon Cannon  
  104  7:51  Shield Battery  
  104  7:53  Observer (Chrono Boost)  
  104  7:56  Pylon  
  102  8:00  High Templar x2  
  102  8:01  Zealot x5  
  102  8:04  Pylon  
  116  8:05  Archon  
  116  8:07  Pylon  
  116  8:08  Pylon  
  116  8:11  Pylon  
  116  8:24  Zealot x7  
  116  8:26  Warp Prism (Chrono Boost)  
  132  8:33  High Templar x2  
  136  8:37  Archon  
  136  8:47  Zealot x2  
  136  8:48  Zealot x5  
  146  9:06  Zealot x2  
  146  9:13  Zealot x7  
Show
View Real Time Build Order
Export as new Build Order

ShoWTimE Protoss 

Build Orders: Phoenix Opening, Blink Stalkers 

Get SALT Encoding   

  12  0:00  Probe  
  13  0:12  Probe  
  14  0:17  Pylon  
  14  0:24  Probe (Chrono Boost)  
  15  0:37  Gateway, Probe (Chrono Boost)  
  16  0:44  Probe (Chrono Boost)  
  16  0:46  Assimilator  
  17  0:51  Probe  
  17  0:54  Assimilator  
  18  1:03  Probe (Chrono Boost)  
  19  1:07  Gateway  
  19  1:13  Probe (Chrono Boost)  
  19  1:17  Probe (Chrono Boost)  
  20  1:24  Cybernetics Core  
  21  1:29  Probe  
  22  1:35  Pylon  
  22  1:41  Probe  
  23  1:53  Probe  
  24  2:00  Warp Gate, Stalker  
  26  2:06  Probe  
  26  2:07  Sentry  
  29  2:12  Pylon  
  29  2:21  Pylon  
  29  2:30  Stalker  
  29  2:34  Sentry  
  33  2:37  Probe  
  33  2:38  Phoenix  
  34  2:52  Nexus  
  34  2:56  Probe  
  35  3:00  Shield Battery  
  35  3:08  Probe  
  35  3:12  Twilight Council  
  36  3:14  Sentry  
  36  3:15  Phoenix  
  38  3:21  Pylon  
  38  3:23  Probe  
  39  3:39  Probe (Chrono Boost)  
  40  3:45  Blink (Chrono Boost)  
  41  3:48  Stalker x2  
  41  3:49  Probe (Chrono Boost)  
  41  3:55  Probe  
  46  4:04  Probe  
  46  4:07  Probe  
  48  4:12  Stalker  
  48  4:13  Phoenix  
  48  4:17  Probe  
  51  4:18  Stalker  
  51  4:19  Probe  
  54  4:29  Probe  
  53  4:31  Probe  
  53  4:41  Probe  
  53  4:43  Probe  
  55  4:46  Adept x2  
  55  4:50  Pylon  
  59  4:53  Probe  
  59  4:55  Probe  
  61  5:00  Nexus  
  61  5:05  Probe  
  62  5:08  Probe  
  62  5:11  Stalker  
  62  5:13  Stalker  
  67  5:17  Probe  
  67  5:20  Pylon  
  68  5:24  Robotics Facility  
  68  5:26  Probe  
  69  5:29  Probe  
  69  5:30  Assimilator  
  69  5:33  Forge  
  70  5:39  Probe, Pylon  
  70  5:41  Probe  
  68  5:53  Probe (Chrono Boost)  
  68  5:55  Probe (Chrono Boost)  
  68  6:04  Probe (Chrono Boost)  
  68  6:06  Gateway  
  68  6:07  Probe (Chrono Boost)  
  68  6:08  Gateway  
  68  6:11  Probe (Chrono Boost), Stalker x2  
  71  6:12  Probe (Chrono Boost)  
  71  6:14  Protoss Ground Weapons Level 1 (Chrono Boost)  
  73  6:21  Probe (Chrono Boost)  
  73  6:22  Probe (Chrono Boost)  
  73  6:24  Probe (Chrono Boost)  
  73  6:25  Assimilator  
  75  6:27  Gateway, Probe (Chrono Boost)  
  75  6:28  Probe (Chrono Boost)  
  75  6:31  Gateway  
  75  6:32  Probe  
  78  6:36  Observer  
  78  6:38  Probe  
  80  6:40  Stalker, Probe  
  80  6:42  Stalker  
  80  6:44  Probe  
  83  6:50  Probe  
  83  6:52  Probe  
  85  6:56  Probe  
  85  6:59  Immortal (Chrono Boost)  
  86  7:02  Probe  
  86  7:04  Probe  
  86  7:05  Stalker  
  94  7:09  Gateway  
  94  7:12  Gateway, Shield Battery  
  94  7:18  Pylon  
  94  7:22  Templar Archives  
  94  7:23  Zealot x3  
  94  7:29  Nexus  
  100  7:32  Pylon  
  100  7:34  Shield Battery  
  100  7:40  Shield Battery  
  100  7:41  Shield Battery  
  100  7:43  Pylon  
  100  7:49  Zealot x4  
  108  7:57  Zealot x2  
  108  7:58  Warp Prism  
  112  8:02  Pylon  
  112  8:05  Observer  
  114  8:06  Zealot x2  
  118  8:14  Phoenix  
  104  8:20  High Templar x3  
  104  8:21  High Templar, Zealot x2  
  104  8:25  Archon  
  104  8:26  Archon  
  116  8:28  Shield Battery  
  116  8:32  Pylon  
  116  8:33  Shield Battery  
  115  8:42  High Templar, Pylon  
  115  8:43  High Templar  
  119  8:49  Zealot x2, Archon  
  123  8:59  Stalker x3  
  119  9:03  Zealot  
  119  9:04  Shield Battery  
  113  9:10  Zealot x2  

Tags
 
Add a new tag
Caveats
  • Supply blocks, unpowered buildings, or Contaminate may cause inaccurate times.
  • Supply counts are checked every 10 seconds.